 Dungeon Crawl Stone Soup version 0.17-a0-119-g2b06fc5 (webtiles) character file.

430 Ngotmuk the Covered (level 6, -21/57 HPs)
             Began as a Deep Dwarf Fighter on Mar 21, 2015.
             Demolished by an ogre
             ... wielding a +0 giant club
              (22 damage)
             ... on level 5 of the Dungeon.
             The game lasted 00:08:29 (1974 turns).

Ngotmuk the Covered (Deep Dwarf Fighter)            Turns: 1974, Time: 00:08:30

Health: -21/57     AC: 11    Str: 21    XL:     6   Next: 66%
Magic:  6/6        EV:  9    Int: 13    God:
Gold:   204        SH:  5    Dex: 12    Spells: 0 memorised, 5 levels left

rFire  . . .     SeeInvis .     u - +0 hammer
rCold  . . .     Clarity  .     b - +0 scale mail
rNeg   . . .     SustAb   .     v - +0 buckler (curse)
rPois  .         Gourm    .     (no helmet)
rElec  .         Spirit   .     t - +0 cloak
rCorr  .         Warding  .     k - +2 pair of gloves
rMut   .         Stasis   .     (no boots)
MR     .....                    (no amulet)
Stlth  ..........               (no ring)
                                s - +4 ring of intelligence

@: non-regenerating, not resistant to hostile enchantments, extremely unstealthy
A: damage resistance, recharge devices, sense surroundings 1, slow healing 3
a: Device Recharging


You were on level 5 of the Dungeon.
You were full.

You visited 1 branch of the dungeon, and saw 5 of its levels.
You also visited: Sewer.

You collected 204 gold pieces.

Inventory:

Hand weapons
 u - a +0 hammer (weapon)
Armour
 b - a +0 scale mail (worn)
 c - a +0 shield
 k - a +2 pair of gloves (worn)
 t - a +0 cloak (worn)
 v - a cursed +0 buckler (worn)
Jewellery
 s - a +4 ring of intelligence (left hand)
Magical devices
 d - a wand of heal wounds (2)
Scrolls
 g - 3 scrolls of teleportation {unknown}
 l - 2 scrolls of random uselessness {unknown}
 n - a scroll of amnesia {unknown}
 o - 6 scrolls of identify {unknown}
 r - a scroll of immolation {unknown}
 x - a scroll of enchant weapon {unknown}
 y - a scroll of silence {unknown}
 z - a scroll of remove curse {unknown}
 A - a scroll of fog {unknown}
Potions
 e - a potion of might
 i - a potion of cure mutation {unknown}
 j - a potion of lignification {unknown}
 m - 2 potions of restore abilities {unknown}
 p - a potion of brilliance {unknown}
 q - 3 potions of heal wounds {unknown}
 w - 2 potions of mutation {unknown}
Comestibles
 a - 6 fruits
 f - 5 bread rations
 h - a meat ration


   Skills:
 + Level 4.1 Fighting
 + Level 3.9 Maces & Flails
 + Level 5.1 Armour
 + Level 5.0 Shields


You had 5 spell levels left.
You didn't know any spells.

Dungeon Overview and Level Annotations

Branches:
Dungeon (5/15)
 Temple: D:4-7

Altars:
Fedhas

Annotations:
D:4 Pikel


Innate Abilities, Weirdness & Mutations

You are resistant to damage.
You can recharge devices by infusing magical energy.
You passively map a small area around you.
You do not heal naturally.


Message History

You finish eating.
That meat ration really hit the spot!
There is an open door here.
You open the door.
There is an open door here.
An ogre comes into view. It is wielding a giant club.
The ogre shouts!
You hit the ogre.
The ogre is lightly wounded.
The ogre hits you with a giant club!
Your scale mail prevents you from hitting the ogre.
The ogre is lightly wounded.
The ogre hits you with a giant club!
You hit the ogre.
The ogre is moderately wounded.
The ogre hits you with a giant club!!
* * * LOW HITPOINT WARNING * * *
You hit the ogre.
The ogre is moderately wounded.
The ogre hits you with a giant club!!
You die...

, ##. , * * *
#..... , #.....#
* ,, #.....# , ..
+.....#
...##+#.....####
,
*#.............#
#.............+ *
+....O@.......#
#.....).......# *
...#+#....###...#
. +,+....'.+ , ,
#....#.# , , *
*+###'#### * ,
#..# , , , #..# ,
,, ,, +<.#


You could see an ogre.

Vanquished Creatures
  A crocodile (Sewer)
  A water moccasin skeleton (D:4)
  A scorpion (D:4)
  Crazy Yiuf (D:2)
  An orc priest (D:3)
  A worker ant (D:4)
  Natasha (twice) (D:3 D:2)
  A hound skeleton (D:4)
  2 adders (D:2)
  3 giant mites (D:4)
  A worm (D:3)
  12 orcs
  6 giant cockroaches
  6 hobgoblins
  4 jackals
  6 kobolds
  7 bats
  4 giant geckos (D:4)
  A giant newt (D:4)
  7 goblins
  A quokka (D:4)
  11 rats
80 creatures vanquished.

Notes
Turn   | Place    | Note
--------------------------------------------------------------
     0 | D:1      | Ngotmuk, the Deep Dwarf Fighter, began the quest for the Orb.
     0 | D:1      | Reached XP level 1. HP: 20/20 MP: 1/1
   194 | D:1      | Reached XP level 2. HP: 27/27 MP: 2/2
   754 | D:2      | Noticed Crazy Yiuf
   764 | D:2      | Killed Crazy Yiuf
   764 | D:2      | Reached skill level 4 in Shields
   764 | D:2      | Reached XP level 3. HP: 9/34 MP: 3/3
   977 | D:2      | Found a blossoming altar of Fedhas.
  1074 | D:3      | Reached XP level 4. HP: 42/42 MP: 4/4
  1100 | D:3      | Noticed Natasha
  1112 | D:3      | Killed Natasha
  1259 | D:3      | Noticed Natasha
  1283 | D:2      | Killed Natasha
  1311 | D:3      | Reached XP level 5. HP: 24/49 MP: 5/5
  1425 | D:3      | Noticed a two-headed ogre
  1614 | D:4      | Found a glowing drain.
  1659 | Sewer    | Entered a sewer
  1725 | Sewer    | Reached XP level 6. HP: 21/57 MP: 6/6
  1789 | D:4      | Reached skill level 5 in Armour
  1806 | D:4      | Reached skill level 5 in Shields
  1863 | D:4      | Noticed Pikel
  1863 | D:4      | Noticed a slave
  1863 | D:4      | Noticed a slave
  1865 | D:4      | Noticed a slave
  1954 | D:5      | Entered Level 5 of the Dungeon
  1973 | D:5      | HP: 1/57 [ogre/giant club (20)]
  1974 | D:5      | Demolished by an ogre

Action                   |  1- 3 |  4- 6 || total
-------------------------+-------+-------++-------
Melee: Flail             |    77 |       ||    77
       Hammer            |    29 |   201 ||   230
Evoke: Wand              |     1 |     2 ||     3
  Eat: Beef jerky        |     1 |       ||     1
       Royal jelly       |       |     1 ||     1
       Meat ration       |       |     1 ||     1
